 Dungeon Crawl Stone Soup version 0.20.1-1-g8b1a95d (webtiles) character file.

289 dvd the Magician (level 6, 0/33 HPs)
             Began as a Deep Elf Fire Elementalist on Sept 11, 2017.
             Slain by Grinder (4 damage)
             ... on level 4 of the Dungeon.
             The game lasted 00:10:56 (3635 turns).

dvd the Magician (Deep Elf Fire Elementalist)       Turns: 3635, Time: 00:10:56

Health: 0/33       AC:  3    Str:  5    XL:     6   Next: 9%
Magic:  2/25       EV: 13    Int: 22    God:
Gold:   65         SH:  0    Dex: 15    Spells: 3/15 levels left

rFire    + . .     SeeInvis .   s - +0 short sword
rCold    . . .     Gourm    .   (no shield)
rNeg     . . .     Faith    .   a - +0 robe
rPois    .         Spirit   .   (no helmet)
rElec    .         Reflect  .   (no cloak)
rCorr    .         Harm     .   (no gloves)
MR       .....                  w - +0 pair of boots
Stlth    ++........             (no amulet)
Regen    0.2/turn               l - ring of protection from fire
MPRegen  0.2/turn               y - ring of magical power

@: very slightly contaminated
A: no striking features
a: no special abilities


You were on level 4 of the Dungeon.
You were not hungry.

You visited 1 branch of the dungeon, and saw 4 of its levels.

You collected 65 gold pieces.

Inventory:

Hand Weapons
 n - a +0 dagger
 q - a +1 whip of distortion
 s - a +0 short sword (weapon)
 u - a +1 spear of flaming
Armour
 a - a +0 robe (worn)
 w - a +0 pair of boots (worn)
Jewellery
 l - a ring of protection from fire (left hand)
 y - a ring of magical power (right hand)
Scrolls
 f - 2 scrolls of blinking
 r - a scroll of teleportation
 v - a scroll of identify
 x - a scroll of fear
Potions
 d - 4 potions of curing {unknown}
 e - 3 potions of haste {unknown}
 g - a potion of heal wounds {unknown}
 h - a potion of lignification {unknown}
 j - a potion of magic {unknown}
 k - a potion of might
 p - a potion of brilliance {unknown}
 t - a potion of flight {unknown}
Books
 b - a book of Flames

   Spells                             Type                      Level
   a - Flame Tongue                   Conjuration/Fire             1
   b - Throw Flame                    Conjuration/Fire             2
   c - Conjure Flame                  Conjuration/Fire             3
   d - Inner Flame                    Hexes/Fire                   3
   e - Sticky Flame                   Conjuration/Fire             4
   f - Fireball                       Conjuration/Fire             5
Comestibles
 c - a bread ration
 i - 3 chunks of flesh
 m - 3 royal jellies
 o - a meat ration


   Skills:
 + Level 0.5 Fighting
 + Level 0.2 Short Blades
 + Level 0.1 Armour
 + Level 2.8 Dodging
 + Level 3.0 Stealth
 + Level 5.4 Spellcasting
 + Level 3.1 Conjurations
 + Level 5.0 Fire Magic


You had 3 spell levels left.
You knew the following spells:

 Your Spells              Type           Power        Failure   Level  Hunger
a - Flame Tongue          Conj/Fire      ###..        1%          1    None
b - Throw Flame           Conj/Fire      ###...       2%          2    None
c - Sticky Flame          Conj/Fire      ###.....     19%         4    ####...
d - Fireball              Conj/Fire      ###.......   45%         5    #####..


Dungeon Overview and Level Annotations

Branches:
Dungeon (4/15)
 Temple: D:4-7

Altars:
Cheibriados

Annotations:
D:4 Grinder


Message History

Grinder burns!
Grinder hits you.
You writhe in agony.
Casting: Flame Tongue
Confirm with . or Enter, or press ? or * to list all spells.
Aiming: Flame Tongue
Press: ? - help, Shift-Dir - straight line, f/p - Grinder
Aim: Grinder (severely wounded, covered in liquid flames)
The flame tongue hits Grinder.
Grinder is severely wounded.
Grinder burns!
Grinder stops burning.
Grinder hits you.
* * * LOW HITPOINT WARNING * * *
Unknown command.
Casting: Flame Tongue
Confirm with . or Enter, or press ? or * to list all spells.
Aiming: Sticky Flame
Press: ? - help, Shift-Dir - straight line, f/p - Grinder
Aim: Grinder (severely wounded)
You miscast Sticky Flame.
You are very lightly contaminated with residual magic.
Nothing appears to happen.
Grinder hits you.
You die...

######### #.......#
#.......####
#.#####.##@# #
######.##.....5#..####
#.........##..###....
#.####.......#.#..##.#
#.# #.#####.##.# # #
#.# #.. ..##.5......
#.# #### #####.#.##...
##.#### #### .....#
......# .... #.# ... .


You could see Grinder.

Vanquished Creatures
  An orc priest (D:3)
  A worker ant (D:4)
  8 gnolls
  4 adders
  An ooze (D:1)
  4 worms
  3 dart slugs
  9 orcs
  2 ball pythons
  12 giant cockroaches
  8 goblins
  8 hobgoblins
  3 jackals (D:1)
  7 kobolds
  2 quokkas (D:2)
  6 bats
  8 frilled lizards
  13 rats
100 creatures vanquished.

Notes
Turn   | Place    | Note
-------+----------+-------------------------------------------
     0 | D:1      | dvd the Deep Elf Fire Elementalist began the quest for the Orb.
     0 | D:1      | Reached XP level 1. HP: 10/10 MP: 6/6
   112 | D:1      | Reached XP level 2. HP: 14/15 MP: 1/8
   175 | D:1      | Learned a level 2 spell: Throw Flame
   844 | D:2      | Reached XP level 3. HP: 19/19 MP: 6/10
  1348 | D:2      | Reached XP level 4. HP: 11/24 MP: 0/12
  1542 | D:1      | Learned a level 4 spell: Sticky Flame
  2234 | D:3      | Reached XP level 5. HP: 28/28 MP: 10/14
  2779 | D:3      | Learned a level 5 spell: Fireball
  2855 | D:3      | Found a snail-covered altar of Cheibriados.
  2867 | D:3      | Reached skill level 5 in Spellcasting
  3474 | D:4      | Noticed Grinder
  3547 | D:4      | Reached XP level 6. HP: 30/33 MP: 5/16
  3588 | D:4      | Reached skill level 5 in Fire Magic
  3635 | D:4      | Slain by Grinder

Skill      XL: |  1  2  3  4  5  6 |
---------------+-------------------+-----
Fire Magic     | 4 5 |  5.0
Conjurations   | 2 3 |  3.1
Spellcasting   | 4 5 |  5.4
Stealth        | 3 |  3.0
Fighting       | |  0.5
Short Blades   | |  0.2
Armour         | |  0.1
Dodging        | |  2.8

Action                   |  1- 3 |  4- 6 || total
-------------------------+-------+-------++-------
Melee: Spear             |       |     2 ||     2
       Short sword       |       |     2 ||     2
 Cast: Flame Tongue      |    53 |   102 ||   155
       Throw Flame       |    15 |    29 ||    44
       Sticky Flame      |       |     3 ||     3
  Use: Scroll            |       |     8 ||     8
 Stab: Sleeping          |       |     2 ||     2
  Eat: Chunk             |     1 |     8 ||     9
Armor: Robe              |     2 |     7 ||     9
       Leather armour    |       |     3 ||     3
Dodge: Dodged            |    14 |    36 ||    50
